 Dungeon Crawl Stone Soup version 0.26.1-11-gd32895ea62 (webtiles) character file.

Game seed: 13581069920342874525

485 kodamatunes15 the Bolt Thrower (level 6, -5/47 HPs)
             Began as a Mummy Hunter on May 1, 2021.
             Slain by a sky beast (6 damage)
             ... on level 5 of the Dungeon.
             The game lasted 00:43:28 (4640 turns).

kodamatunes15 the Bolt Thrower (Mummy Hunter)       Turns: 4640, Time: 00:43:29

Health: -5/47      AC: 13    Str: 16    XL:     6   Next: 88%
Magic:  6/6        EV:  5    Int: 11    God:
Gold:   285        SH:  0    Dex: 13    Spells: 5/5 levels left

rFire    x . .     SeeInvis .   r - +4 quarterstaff (chaos)
rCold    + . .     Faith    .   (shield currently unavailable)
rNeg     + + +     Spirit   .   z - +0 plate armour
rPois    ∞         Reflect  .   (no helmet)
rElec    .         Harm     .   s - +0 cloak
rCorr    .         Rampage  .   x - +0 pair of gloves
Will     .....                  (no boots)
Stlth    ..........             (no amulet)
HPRegen  0.15/turn              e - ring of flight
MPRegen  0.10/turn              (no ring)

@: no status effects
A: no potions, fire vulnerability, cold resistance 1, negative energy resistance
3, torment resistance, unbreathing
a: Evoke Flight


You were on level 5 of the Dungeon.
You visited 1 branch of the dungeon, and saw 5 of its levels.

You collected 285 gold pieces.

Inventory:

Hand Weapons
 a - a +2 hand crossbow
 b - a +0 short sword
 k - a +0 dagger
 q - a +0 club
 r - a +4 quarterstaff of chaos (weapon)
 w - a +3 vampiric whip
Missiles
 d - 25 bolts
 y - 18 arrows
Armour
 c - a +0 leather armour
 s - a +0 cloak (worn)
 x - a +0 pair of gloves (worn)
 z - a +0 plate armour (worn)
Jewellery
 e - a ring of flight (left hand)
 f - an uncursed amulet of reflection {unknown}
 t - a cursed amulet of inaccuracy
Scrolls
 v - a scroll of amnesia
 D - a scroll of remove curse
Potions
 j - 2 potions of brilliance {unknown}
 l - a potion of curing {unknown}
 n - a potion of flight {unknown}
 o - a potion of haste {unknown}
 A - a potion of resistance {unknown}


   Skills:
 + Level 3.1 Fighting
 + Level 1.2 Short Blades
 + Level 1.2(1.8) Maces & Flails
 + Level 1.9(2.1) Staves
 + Level 4.8 Crossbows
 + Level 2.1 Armour
 + Level 1.9 Dodging
 + Level 1.5 Stealth


You had 5 spell levels left.
You didn't know any spells.
Your spell library was empty.

Dungeon Overview and Level Annotations

Branches:
Dungeon (5/15)
 Temple: D:4-7

Altars:
Elyvilon
Makhleb
Nemelex Xobeh
Ru
Trog
Vehumet
The Shining One


Innate Abilities, Weirdness & Mutations

You do not drink.
Your flesh is vulnerable to fire.
You are immune to poison.
Your flesh is cold resistant. (rC+)
You are immune to negative energy. (rN+++)
You are immune to unholy pain and torment.
You can survive without breathing.


Message History

You hit the sky beast.
The sky beast seems to grow stronger.
The sky beast is lightly wounded.
The sky beast hits you. The sky beast shocks you.
You sock the sky beast!
The sky beast is heavily wounded.
The sky beast hits you but does no damage.
The sky beast flickers out of sight!
Deactivating autopickup; reactivate with Ctrl-A.
Something hits you. Something shocks you.
You completely miss something. Something hits you but does no damage.
You closely miss something. Something hits you. Something shocks you.
* * * LOW HITPOINT WARNING * * *
You hit something. You freeze something. Something hits you.
* * * LOW HITPOINT WARNING * * *
Something shocks you.
* * * LOW HITPOINT WARNING * * *
You hit something.
Space bends around something.
Something hits you.
* * * LOW HITPOINT WARNING * * *
Something shocks you.
You die...

.(# #.#### #.#
..... #.# #... ...
... #.# #.# #.#
##.## #{######...#
#@.........#
########...#######
##.....<...
##########


There were no monsters in sight!

Vanquished Creatures
  A phantom (D:4)
  2 scorpions (D:4)
  A howler monkey (D:4)
  Crazy Yiuf (D:2)
  An orc priest (D:4)
  An orc wizard (D:4)
  2 worker ants (D:4)
  A hound skeleton (D:4)
  3 adders
  An ooze (D:2)
  An adder skeleton (D:4)
  4 worms
  4 leopard geckos
  3 orcs
  8 giant cockroaches
  9 goblins
  3 hobgoblins
  4 jackals (D:4)
  2 kobolds (D:3)
  A ball python (D:3)
  A ball python zombie (D:4)
  4 bats
  8 frilled lizards
  4 rats
70 creatures vanquished.

Notes
Turn   | Place    | Note
-------+----------+-------------------------------------------
     0 | D:1      | kodamatunes15 the Mummy Hunter began the quest for the Orb.
     0 | D:1      | Reached XP level 1. HP: 16/16 MP: 1/1
   266 | D:1      | Found a glowing golden altar of the Shining One.
   400 | D:1      | Reached XP level 2. HP: 15/22 MP: 2/2
  1354 | D:2      | Found a runed translucent door.
  1355 | D:2      | Noticed Crazy Yiuf
  1565 | D:2      | Reached skill level 1 in Stealth
  1689 | D:2      | Reached XP level 3. HP: 8/27 MP: 3/3
  1849 | D:2      | Found a radiant altar of Vehumet.
  1950 | D:2      | Killed Crazy Yiuf
  2080 | D:2      | Found a faded altar of an unknown god.
  2092 | D:2      | Reached skill level 1 in Short Blades
  2092 | D:2      | Reached XP level 4. HP: 12/34 MP: 4/4
  2218 | D:2      | Reached skill level 1 in Armour
  2347 | D:2      | Found a sacrificial altar of Ru.
  2555 | D:2      | Found a bloodstained altar of Trog.
  2555 | D:2      | Found a sparkling altar of Nemelex Xobeh.
  2908 | D:3      | Reached skill level 4 in Crossbows
  3451 | D:3      | Found a burning altar of Makhleb.
  3587 | D:4      | Reached skill level 1 in Maces & Flails
  3587 | D:4      | Reached XP level 5. HP: 36/39 MP: 5/5
  3904 | D:4      | Reached skill level 1 in Staves
  3904 | D:4      | Reached XP level 6. HP: 46/46 MP: 6/6
  4054 | D:4      | Found a white marble altar of Elyvilon.
  4446 | D:4      | Found a sacrificial altar of Ru.
  4614 | D:5      | Entered Level 5 of the Dungeon
  4628 | D:5      | Noticed a sky beast
  4640 | D:5      | HP: 1/47 [something (4)]
  4640 | D:5      | Slain by a sky beast

Illustrated notes

Levels and vault maps discovered:
D:1:      dpeg_arrival_round_a, layout_basic, tso_metal_star
D:2:      layout_basic, nicolae_overflow_hidden_temple,
          gammafunk_temple_overflow_statue, overflow_temple_1_default,
          serial_forest, infiniplex_forest_straight_3,
          infiniplex_forest_clump_medium, infiniplex_forest_straight_2,
          infiniplex_forest_corner_1, infiniplex_forest_straight_1,
          infiniplex_forest_end_double, chequers_ecumenical_altar_simple_redux,
          minmay_pentomino_o2, uniq_crazy_yiuf_cottage
D:3:      layout_loops_ring, bloody_makhleb
D:4:      layout_layer_cave, lemuel_doored_altar, hangedman_ru_absence
D:5:      layout_loops_ring, minmay_temple_entry_purple_smoke, uniq_pikel,
          uniq_menkaure

Skill      XL: |  1  2  3  4  5  6 |
---------------+-------------------+-----
Stealth        | 1 |  1.5
Short Blades   | 1 |  1.2
Armour         | 1 2 |  2.1
Crossbows      | 4 |  4.8
Maces & Flails | 1 |  1.2
Staves         | 1 |  1.9
Fighting       | 3 |  3.1
Dodging        | |  1.9

Action                   |  1- 3 |  4- 6 || total
-------------------------+-------+-------++-------
Melee: Short sword       |    58 |       ||    58
       Quarterstaff      |       |    70 ||    70
       Whip              |       |    19 ||    19
 Fire: Hand crossbow     |    19 |    54 ||    73
Throw: Stone             |       |     2 ||     2
  Use: Scroll            |     4 |     6 ||    10
 Stab: Sleeping          |     2 |     2 ||     4
Armor: Leather armour    |    13 |     5 ||    18
       Plate armour      |       |    43 ||    43
Dodge: Dodged            |    39 |    31 ||    70
